 Seeded DCSS version 0.30.1-9-gdf580d7c3d (webtiles) character file.

Game seed: 6351066067085065685 (custom seed)

112109 Esekla the Sorcerer (level 16, -5/99 HPs)
             Began as a Deep Elf Wanderer on Oct 22, 2023.
             Was the Champion of Vehumet.
             Slain by a redback (6 damage)
             ... on level 4 of the Spider Nest on Oct 23, 2023.
             The game lasted 03:47:20 (23322 turns).

Esekla the Sorcerer (Deep Elf Wanderer)            Turns: 23322, Time: 03:47:20

Health: -5/99      AC: 20    Str:  8 (9)  XL:     16   Next: 11%
Magic:  7/43       EV: 14    Int: 30      God:    Vehumet [******]
Gold:   1916       SH:  4    Dex: 11      Spells: 10/57 levels left

rFire   . . .        f - +4 scimitar (flame)
rCold   . . .        d - +0 buckler
rNeg    + . .        I - +0 troll leather armour
rPois   +            a - +2 helmet {Int+3}
rElec   +            p - +2 cloak
rCorr   .            l - +0 pair of gloves
SInv    .            h - +2 pair of boots {rampage}
Will    +....        A - amulet of magic regeneration
Stlth   ++           m - ring of Greed {rElec rPois rN+ AC+4 Str-2}
HPRegen 1.16/turn    C - ring of the Mage {Wiz Archmagi}
MPRegen 0.68/turn

%: rampage, wizardry (x1), archmagi
@: wereblooded, studying Fighting
A: no striking features
a: Renounce Religion


You were on level 4 of the Spider Nest.
You worshipped Vehumet.
Vehumet was exalted by your worship.
You visited 5 branches of the dungeon, and saw 24 of its levels.
You also visited: Trove and Bailey.

You collected 4168 gold pieces.
You spent 2252 gold pieces at shops.

Inventory:

Hand Weapons
 c - a +5 scimitar
 f - a +4 scimitar of flaming (weapon)
 r - a +4 trident of venom
 s - the +7 Spriggan's Knife {stab, EV+4 Stlth+}
   (You acquired it on level 2 of the Spider Nest)

   Stab:      It is more effective when stabbing unaware enemies, sometimes
   treating them as though they were completely helpless.
   EV:        It affects your evasion (+4).
   Stlth:     It makes you more stealthy.
Missiles
 u - 66 poisoned darts (quivered)
 K - 6 curare-tipped darts
 L - 13 boomerangs
Armour
 a - a +2 helmet of intelligence (worn)
 d - a +0 buckler (worn)
 h - a +2 pair of boots of rampaging (worn)
 l - a +0 pair of gloves (worn)
 p - a +2 cloak (worn)
 I - a +0 troll leather armour (worn)
 Z - a +2 robe of cold resistance
Jewellery
 m - the ring of Greed (left hand) {rElec rPois rN+ AC+4 Str-2}
   (You bought it in a shop on level 2 of the Dungeon)

   [ring of protection]

   AC:        It affects your AC (+4).
   Str:       It affects your strength (-2).
   rElec:     It insulates you from electricity.
   rPois:     It protects you from poison.
   rN:        It protects you from negative energy.
 v - the ring of Akemeir {Fire Str+4}
   (You found it in a treasure trove)

   [ring of fire]

   It enhances your fire magic.
   Str:       It affects your strength (+4).
   rF:        It protects you from fire.
   rC:        It makes you vulnerable to cold.
 w - a ring of see invisible
 A - an amulet of magic regeneration (around neck)
 C - the ring of the Mage (right hand) {Wiz Archmagi}
   (You bought it in a shop on level 2 of the Dungeon)

   [ring of wizardry]

   It improves your spell success rate.
   Archmagi:  It increases the power of your magical spells.
 J - the ring "Biewn" {AC+4 Int+3 Dex+5}
   (You acquired it on level 2 of the Spider Nest)

   [ring of protection]

   AC:        It affects your AC (+4).
   Int:       It affects your intelligence (+3).
   Dex:       It affects your dexterity (+5).
 N - an amulet of reflection
 Q - a ring of ice
 T - the ring of Descent {rPois rC+ Int+5 Stlth-}
   (You found it in a treasure trove)

   [ring of protection from cold]

   Int:       It affects your intelligence (+5).
   rC:        It protects you from cold.
   rPois:     It protects you from poison.
   Stlth:     It makes you less stealthy.
Wands
 i - a wand of roots (31)
 D - a wand of flame (28)
 H - a wand of mindburst (7)
 P - a wand of digging (16)
 V - a wand of quicksilver (3)
Scrolls
 o - 4 scrolls of amnesia
 q - 6 scrolls of blinking
 t - 4 scrolls of fog
 x - 5 scrolls of enchant weapon
 y - 2 scrolls of silence
 z - 4 scrolls of fear
 E - 9 scrolls of teleportation
 G - 2 scrolls of poison
 X - a scroll of magic mapping
Potions
 b - 4 potions of lignification
 e - 3 potions of ambrosia
 g - a potion of cancellation
 j - 6 potions of curing
 k - 8 potions of haste
 B - 2 potions of magic
 O - 5 potions of brilliance
 R - 3 potions of flight
 S - 2 potions of might
 U - 4 potions of heal wounds
 W - 8 potions of attraction
 Y - 2 potions of resistance


   Skills:
 * Level 10.6 Fighting
 + Level 2.5(3.1) Short Blades
 + Level 2.5(3.0) Long Blades
 + Level 0.2 Throwing
 * Level 5.7 Armour
 * Level 11.2 Dodging
 + Level 3.2 Stealth
 - Level 3.0 Shields
 * Level 21.1 Spellcasting
 + Level 4.8 Conjurations
 + Level 10.4 Necromancy
 + Level 4.6 Translocations
 + Level 5.4 Transmutations
 + Level 6.6 Fire Magic
 + Level 5.1 Ice Magic
 * Level 9.8 Air Magic
 * Level 6.9 Earth Magic
 - Level 7.0 Poison Magic
 + Level 1.0 Invocations
 + Level 0.5 Evocations


You had 10 spell levels left.
You knew the following spells:

 Your Spells              Type           Power      Damage    Failure   Level
a - Magic Dart            Conj           100%       1d8       1%          1
b - Blink                 Tloc           100%       N/A       1%          2
c - Mephitic Cloud        Conj/Pois/Air  85%        N/A       1%          3
d - Vampiric Draining     Necr           96%        2d12      1%          3
f - Fireball              Conj/Fire      39%        3d16      1%          5
k - Airstrike             Air            47%        2d(7-23)  1%          4
l - Lee's Rapid Deconstr  Erth           41%        3d20*     1%          5
n - Ignite Poison         Fire/Tmut/Pois 81%        N/A       1%          3
p - Apportation           Tloc           100%       N/A       1%          1
r - Frozen Ramparts       Ice            100%       1d16      1%          3
v - Poisonous Vapours     Pois/Air       100%       N/A       1%          2
w - Wereblood             Tmut           77%        N/A       1%          2
x - Olgreb's Toxic Radia  Pois           84%        N/A       1%          4
y - Sticky Flame          Conj/Fire      78%        2d9       1%          4
z - Freezing Cloud        Conj/Ice/Air   41%        6-21      1%          5

Your spell library contained the following spells:

 Spells                   Type           Power      Damage    Failure   Level
 Foxfire                  Conj/Fire      100%       2x1d9     1%          1
 Necrotise                Necr           100%       1d9       1%          1
 Sandblast                Erth           100%       2d20      1%          1
 Sting                    Tmut/Pois      100%       1d8       1%          1
 Lesser Beckoning         Tloc           100%       N/A       1%          2
 Passwall                 Tmut/Erth      66%        N/A       1%          2
 Sublimation of Blood     Necr           96%        N/A       1%          2
 Gell's Gravitas          Tloc           74%        N/A       1%          3
 Hailstorm                Conj/Ice       75%        3d15      1%          3
 Portal Projectile        Hex/Tloc       100%       N/A       1%          3
 Spider Form              Tmut/Pois      80%        N/A       1%          3
 Stone Arrow              Conj/Erth      100%       3d13      1%          3
 Teleport Other           Tloc           74%        N/A       1%          3
 Vhi's Electric Charge    Tloc/Air       100%       N/A       1%          3
 Ice Form                 Ice/Tmut       76%        N/A       1%          4
 Manifold Assault         Tloc           74%        N/A       1%          4
 Passage of Golubria      Tloc           74%        N/A       1%          4
 Agony                    Necr           96%        N/A       1%          5
 Arcjolt                  Conj/Air       42%        1d52      1%          5
 Plasma Beam              Fire/Air       44%        2x1d63    1%          6
 Summon Ice Beast         Ice/Summ       63%        N/A       3%          4
 Silence                  Hex/Air        37%        N/A       3%          5
 Starburst                Conj/Fire      39%        6d11      4%          6
 Cause Fear               Hex            23%        N/A       10%         4
 Dispersal                Tloc           37%        N/A       21%         6
 Summon Mana Viper        Hex/Summ       47%        N/A       26%         5
 Maxwell's Capacitive Co  Air            47%        ∞         26%         8
 Ignition                 Fire           41%        3d12      65%         8
 Lehudib's Crystal Spear  Conj/Erth      39%        10d10     73%         8
 Summon Hydra             Summ           23%        N/A       100%        7
 Disjunction              Tloc           37%        N/A       100%        8


Dungeon Overview and Level Annotations

Branches:
Dungeon (12/15)            Temple (0/1) D:6            Lair (5/5) D:11
 Shoals (0/4) Lair:2       Spider (4/4) Lair:3        Slime (0/5) Lair:5
    Orc (2/2) D:10            Elf (1/3) Orc:2        Bailey (visited)

Altars:
Dithmenos
Fedhas
Hepliaklqana
Nemelex Xobeh
Okawaru
Qazlal
Ru
Trog
Uskayaw
Vehumet
Zin
The Shining One
Jiyva

Shops:
D:2 =   D:4 (   D:11 *   Orc:2 **[:

Portals:
Pandemonium: Orc:2

Annotations:
D:7 Joseph
Spider:4 Mara


Message History

The redback bites you but does no damage.
Mara says, "Thou art lean, ill-favoured, death is in thy neighbourhood!"
Mara hits you but does no damage.
Mara is engulfed in freezing vapours.
Mara misses you. Mara hits you but does no damage.
Casting: Lee's Rapid Deconstruction (mildly dangerous; 1% risk of failure)
Confirm with . or Enter, or press ? or * to list all spells.
Aiming: Lee's Rapid Deconstruction (mildly dangerous; 1% risk of failure)
Press: ? - help, Dir - move target A rock wall.
You feel a surge of power!
The wall shatters!
The blast of rock fragments hits Mara!!
Mara is almost dead.
The blast of rock fragments hits Mara!!
Mara is heavily wounded.
A redback comes into view.
You block the redback's attack.
Mara hits you with a +2 demon blade of electrocution!!
Mara hits you with a +2 demon blade of electrocution!
Mara gestures at you.
There is a horrible, sudden wrenching feeling in your soul!
Casting: Lee's Rapid Deconstruction (mildly dangerous; 1% risk of failure)
Confirm with . or Enter, or press ? or * to list all spells.
Aiming: Lee's Rapid Deconstruction (mildly dangerous; 1% risk of failure)
Press: ? - help, Dir - move target A rock wall.
You feel a surge of power!
The wall shatters!
The blast of rock fragments hits Mara!
Mara is almost dead.
The blast of rock fragments hits Mara!!
Mara is severely wounded.
You howl as the wereblood boils in your veins!
You hear a faint skittering sound.
The redback bites you.
Mara is engulfed in freezing vapours.
Mara gestures at you. The bolt of fire hits you!!!
Ouch! That really hurt!
* * * LOW HITPOINT WARNING * * *
Esekla's illusion hits you but does no damage.
Mara hits you but does no damage. The redback bites you.
You die...

.§. .#.##. .§
.#...^ .§##.#§.#
§§§§§..
####§§§§.
#..#§☼§# .#.
...#..RRR.#.....
......@@...#
######.s...#
?^......#
.........^#
...#.......#
#...###...s#
#... .###.. .. .
...


You could see 3 Maras, 2 redbacks and Esekla's illusion.

Vanquished Creatures
  Rupert (Lair:4)
  2 emperor scorpions (Spider:3)
  A deep elf sorcerer (Elf:1)
  A ghost moth (Spider:3)
  2 orc warlords
  A broodmother (Spider:3)
  A deep elf demonologist (Elf:1)
  Azrael (Orc:2)
  2 deep elf annihilators (Elf:1)
  2 spark wasps
  A deep elf death mage (Elf:1)
  2 fire dragons (Lair:5)
  A deep elf high priest (Elf:1)
  5 entropy weavers
  3 hydras
  Harold (D:9)
  3 boulder beetles
  A demonspawn (Orc:2)
  2 radroaches (Spider:3)
  A catoblepas (Lair:5)
  3 jorogumos (Spider:1)
  4 dancing weapons (Elf:1)
  3 two-headed ogres
  12 spriggans (Lair:3)
  3 orc high priests (Orc:2)
  A pharaoh ant (Spider:1)
  A sun moth (Spider:1)
  Lodul (D:11)
  A skyshark (Lair:4)
  6 orb spiders
  A deep elf archer (Elf:1)
  Pikel (D:6)
  A swamp dragon (Lair:5)
  2 lindwurms (Lair:5)
  2 steelbarb worms (Spider:1)
  An oklob plant (Lair:5)
  7 deep elf zephyrmancers (Elf:1)
  An ugly thing (D:12)
  7 deep elf pyromancers (Elf:1)
  5 wolf spiders
  8 orc knights
  7 cyclopes
  10 orc sorcerers
  2 moths of wrath (Spider:1)
  A merfolk siren (Lair:2)
  2 black mambas
  7 torpor snails
  A smoke demon (Orc:2)
  9 elephants (Lair:5)
  2 gargoyles
  3 demonic crawlers
  11 cane toads
  Psyche (D:11)
  3 rime drakes
  15 komodo dragons
  A kobold demonologist (D:9)
  2 merfolk (Lair:2)
  A red devil (Orc:2)
  A polar bear (D:11)
  7 trolls
  9 hornets
  5 tarantellas
  3 tyrant leeches (Lair:5)
  5 blink frogs (Lair:1)
  8 jumping spiders
  4 centaur simulacra (D:11)
  An air elemental (Elf:1)
  4 culicivoras
  A water elemental (Elf:1)
  A wraith (D:12)
  5 basilisks
  33 yaks
  A chaos spawn (Orc:2)
  3 fire elementals (Orc:2)
  3 steam dragons
  5 wyverns
  18 redbacks
  A basilisk (shapeshifter) (Elf:1)
  Menkaure (D:7)
  3 wargs
  2 acid dragons (Lair:5)
  6 ice beasts
  4 hell hounds (Orc:2)
  14 water moccasins
  2 swamp drakes (Lair:5)
  A sky beast (D:6)
  43 orc warriors
  A black bear (D:6)
  18 ogres
  2 centaurs
  3 boggarts (Lair:3)
  12 wolves
  A phantom (D:7)
  Blork the orc (D:6)
  4 kobold brigands
  2 earth elementals
  4 gnoll sergeants
  10 bullfrogs
  3 scorpions
  10 wights
  21 killer bees
  2 howler monkeys (D:10)
  An electric eel (D:11)
  2 quasits (D:8)
  3 gnoll boudas
  6 hounds
  A jelly (D:6)
  Crazy Yiuf (D:7)
  32 orc priests
  12 hell rats
  A sleepcap (D:5)
  7 iguanas
  14 orc wizards
  34 gnolls
  9 adders
  3 shadow imps
  9 white imps
  4 ufetubi
  A worm (D:4)
  3 dart slugs
  95 orcs
  4 endoplasms
  9 goblins
  7 hobgoblins
  A quokka (D:1)
  6 ball pythons
  4 bats
  4 frilled lizards
  21 kobolds
  A rat (D:2)
  A butterfly (Lair:4)
767 creatures vanquished.

Vanquished Creatures (others)
  A tarantella (Spider:1)
1 creature vanquished.

Grand Total: 768 creatures vanquished

Notes
Turn   | Place    | Note
-------+----------+-------------------------------------------
     0 | D:1      | Esekla the Deep Elf Wanderer began the quest for the Orb.
     0 | D:1      | Esekla set off with the following items: a +0 club, a
                  | potion of lignification, a +0 robe, a +0 buckler; and the
                  | following spells available to memorise: Apportation, Blink,
                  | Lesser Beckoning, Magic Dart, Ignite Poison, Vampiric
                  | Draining.
     0 | D:1      | Reached XP level 1. HP: 10/10 MP: 7/7
     2 | D:1      | Learned a level 1 spell: Magic Dart
     4 | D:1      | Learned a level 1 spell: Apportation
   259 | D:2      | Found Renulab's Jewellery Shop.
   519 | D:4      | Found a radiant altar of Vehumet.
   527 | D:4      | Found an iron altar of Okawaru.
   538 | D:4      | Found a glowing silver altar of Zin.
   689 | D:4      | Became a worshipper of Vehumet
   861 | D:3      | Reached XP level 2. HP: 15/15 MP: 3/9
   864 | D:3      | Learned a level 2 spell: Blink
   938 | D:3      | Reached skill level 5 in Spellcasting
  1054 | D:3      | Identified the +5 rapier of the Hero {heavy, rN+ Dex+3}
  1077 | D:2      | Reached skill level 1 in Necromancy
  1261 | D:1      | Reached XP level 3. HP: 19/19 MP: 7/11
  1266 | D:1      | Reached skill level 1 in Dodging
  1310 | D:1      | Reached * piety under Vehumet
  1310 | D:1      | Offered knowledge of Sandblast by Vehumet.
  1574 | D:2      | Learned a level 3 spell: Vampiric Draining
  1752 | D:2      | Reached XP level 4. HP: 22/24 MP: 8/13
  1774 | D:2      | Found a faded altar of an unknown god.
  1896 | D:2      | Noticed a black bear
  2280 | D:2      | Reached skill level 6 in Spellcasting
  2392 | D:3      | Found a stormy altar of Qazlal.
  2399 | D:3      | Found a bloodstained altar of Trog.
  2423 | D:3      | Found a hazy altar of Hepliaklqana.
  2433 | D:3      | Reached XP level 5. HP: 21/28 MP: 7/15
  2618 | D:4      | Found Ponaysk's Antique Weapon Boutique.
  2746 | D:4      | You fall into a shaft and drop 1 floor!
  2746 | D:5      | Entered Level 5 of the Dungeon
  3000 | D:5      | Reached XP level 6. HP: 32/32 MP: 15/17
  3068 | D:5      | Found a shadowy altar of Dithmenos.
  3108 | D:5      | Reached skill level 7 in Spellcasting
  3157 | D:5      | Got the Parchment of the Lumpy Olives
  3180 | D:5      | Reached ** piety under Vehumet
  3394 | D:4      | Offered knowledge of Poisonous Vapours by Vehumet.
  3398 | D:4      | Learned a level 2 spell: Poisonous Vapours
  3402 | D:4      | Learned a level 3 spell: Ignite Poison
  3541 | D:4      | Reached XP level 7. HP: 34/36 MP: 14/20
  3629 | D:4      | Found a glowing golden altar of the Shining One.
  3862 | D:5      | Reached skill level 1 in Short Blades
  3971 | D:5      | Reached skill level 1 in Transmutations
  4095 | D:5      | Reached skill level 8 in Spellcasting
  4129 | D:5      | Reached skill level 1 in Fire Magic
  4242 | D:6      | Found a blossoming altar of Fedhas.
  4255 | D:6      | Reached skill level 1 in Poison Magic
  4261 | D:6      | Reached skill level 1 in Air Magic
  4396 | D:6      | Found a staircase to the Ecumenical Temple.
  4444 | D:6      | Noticed Pikel
  4451 | D:6      | Offered knowledge of Mephitic Cloud by Vehumet.
  4451 | D:6      | Killed Pikel
  4452 | D:6      | Reached skill level 9 in Spellcasting
  4452 | D:6      | Reached XP level 8. HP: 31/41 MP: 7/23
  4452 | D:6      | Noticed Blork the orc
  4461 | D:5      | Learned a level 3 spell: Mephitic Cloud
  4865 | D:6      | Reached skill level 1 in Conjurations
  4945 | D:7      | Found a runed translucent door.
  4946 | D:7      | Noticed Crazy Yiuf
  4952 | D:7      | Killed Crazy Yiuf
  4952 | D:7      | Reached *** piety under Vehumet
  5103 | D:7      | Reached skill level 10 in Spellcasting
  5103 | D:7      | Reached skill level 5 in Necromancy
  5559 | D:7      | Reached XP level 9. HP: 45/45 MP: 25/25
  5660 | D:7      | Noticed Joseph
  5709 | D:6      | Killed Blork the orc
  5709 | D:6      | Offered knowledge of Volatile Blastmotes by Vehumet.
  5785 | D:7      | Noticed Menkaure
  5794 | D:7      | Killed Menkaure
  6221 | D:7      | Reached skill level 11 in Spellcasting
  6396 | D:8      | Noticed a two-headed ogre
  6401 | D:8      | Killed a two-headed ogre
  6402 | D:8      | Reached skill level 5 in Dodging
  6416 | D:8      | Found a hide-covered altar of Uskayaw.
  6441 | D:8      | Reached **** piety under Vehumet
  6453 | D:8      | Offered knowledge of Frozen Ramparts by Vehumet.
  6540 | D:8      | Found a transporter.
  6540 | D:8      | Found a transporter.
  6543 | D:8      | Found a transporter.
  6544 | D:8      | Found a transporter.
  6809 | D:7      | Learned a level 3 spell: Frozen Ramparts
  6890 | D:8      | Reached XP level 10. HP: 41/50 MP: 27/27
  7343 | D:9      | Found a flagged portal.
  7347 | D:9      | Reached skill level 12 in Spellcasting
  7358 | Bailey   | Entered a bailey
  7570 | Bailey   | Identified the +2 bardiche of Puhoisos {heavy, rElec
                  | Stlth+}
  7574 | Bailey   | Noticed an orc knight
  7574 | Bailey   | Noticed an orc knight
  7581 | Bailey   | Killed an orc knight
  7585 | Bailey   | Killed an orc knight
  7586 | Bailey   | Reached skill level 1 in Ice Magic
  7726 | Bailey   | Reached skill level 1 in Fighting
  7941 | D:9      | Reached skill level 13 in Spellcasting
  8086 | D:9      | Reached ***** piety under Vehumet
  8170 | D:9      | Found a sparkling altar of Nemelex Xobeh.
  8211 | D:9      | Noticed a two-headed ogre
  8215 | D:9      | Killed a two-headed ogre
  8216 | D:9      | Reached skill level 5 in Poison Magic
  8292 | D:9      | Noticed a cyclops
  8295 | D:9      | Killed a cyclops
  8360 | D:9      | Offered knowledge of Airstrike by Vehumet.
  8366 | D:9      | Learned a level 4 spell: Airstrike
  8415 | D:9      | Noticed a cyclops
  8427 | D:9      | Reached XP level 11. HP: 58/58 MP: 30/30
  8490 | D:10     | Entered Level 10 of the Dungeon
  8523 | D:10     | Found a staircase to the Orcish Mines.
  8540 | Orc:1    | Entered Level 1 of the Orcish Mines
  8542 | Orc:1    | Noticed an orc knight
  8549 | Orc:1    | Killed an orc knight
  8550 | Orc:1    | Reached skill level 14 in Spellcasting
  8608 | Orc:1    | You fall into a shaft and drop 1 floor!
  8608 | Orc:2    | Entered Level 2 of the Orcish Mines
  8964 | D:2      | Bought the ring of the Mage {Wiz Archmagi} for 714 gold
                  | pieces
  8964 | D:2      | Found the ring of the Mage {Wiz Archmagi}
  9496 | D:11     | Noticed Lodul
  9737 | D:9      | Noticed Harold
  9946 | D:10     | Found a sacrificial altar of Ru.
 10202 | D:11     | Got Simple Magic
 10275 | D:12     | Learned a level 2 spell: Wereblood
 10310 | D:11     | Reached skill level 5 in Air Magic
 10449 | D:12     | Found a portal to a secret trove of treasure.
 10499 | D:12     | Learned a level 5 spell: Freezing Cloud
 10629 | D:12     | Learned a level 5 spell: Fireball
 10790 | D:12     | Reached skill level 15 in Spellcasting
 10927 | D:12     | Noticed a red ugly thing
 10934 | D:12     | Killed a red ugly thing
 10934 | D:12     | Offered knowledge of Flame Wave by Vehumet.
 10935 | D:12     | Reached skill level 1 in Armour
 10935 | D:12     | Reached XP level 12. HP: 51/68 MP: 30/33
 11028 | Trove    | Entered a treasure trove
 11037 | Trove    | Identified the ring of Akemeir {Fire Str+4}
 11052 | Trove    | Identified the +3 ring mail "Poady" {+Inv rF+ Dex+2 Slay-4}
 11056 | Trove    | Identified the ring of Descent {rPois rC+ Int+5 Stlth-}
 11156 | D:11     | Noticed Psyche
 11160 | D:11     | Killed Psyche
 11161 | D:11     | Reached skill level 5 in Fighting
 11171 | D:11     | Noticed a two-headed ogre
 11174 | D:11     | Killed a two-headed ogre
 11255 | D:11     | Found Fagafuf's Pet Rocks.
 11373 | D:11     | Found a staircase to the Lair.
 11380 | D:11     | Killed Lodul
 11896 | D:9      | Killed Harold
 12013 | Lair:1   | Entered Level 1 of the Lair of Beasts
 12384 | Lair:1   | Reached skill level 16 in Spellcasting
 12384 | Lair:1   | Reached skill level 5 in Fire Magic
 12898 | D:2      | Bought the ring of Greed {rElec rPois rN+ AC+4 Str-2} for
                  | 758 gold pieces
 13908 | Lair:2   | Found a transporter.
 13908 | Lair:2   | Found a transporter.
 13909 | Lair:2   | Noticed a boulder beetle
 13909 | Lair:2   | Noticed a boulder beetle
 13920 | Lair:2   | Killed a boulder beetle
 13921 | Lair:2   | Reached skill level 1 in Earth Magic
 13923 | Lair:2   | Killed a boulder beetle
 13924 | Lair:2   | Reached XP level 13. HP: 76/76 MP: 22/35
 14050 | Lair:2   | You fall into a shaft and drop 2 floors!
 14187 | Lair:3   | Found a hole to the Spider Nest.
 14297 | Lair:4   | Learned a level 4 spell: Sticky Flame
 14387 | Lair:4   | Reached skill level 10 in Necromancy
 14577 | Lair:3   | Reached skill level 17 in Spellcasting
 14847 | Lair:3   | Identified the +3 leather armour of Okawaru's Inspiration
                  | {Str+4}
 15584 | Lair:2   | Found a staircase to the Shoals.
 15782 | Lair:4   | Noticed Rupert
 16223 | Lair:4   | Killed Rupert
 16457 | Lair:5   | Entered Level 5 of the Lair of Beasts
 16638 | Lair:5   | Found a viscous altar of Jiyva.
 16638 | Lair:5   | Found a staircase to the Slime Pits.
 16716 | Lair:5   | Reached skill level 18 in Spellcasting
 16716 | Lair:5   | Reached XP level 14. HP: 84/84 MP: 30/38
 16976 | Lair:5   | Found a runed translucent door.
 17731 | Lair:5   | Got Utragud's Papyrus of the Inquisitive Olives
 18129 | Orc:2    | Noticed an orc warlord
 18141 | Orc:2    | Killed an orc warlord
 18198 | Orc:2    | Found a staircase to the Elven Halls.
 18379 | Orc:2    | Reached skill level 1 in Long Blades
 18555 | Orc:2    | Found Roezostra's General Store.
 18558 | Orc:2    | Found Bamnuus's General Store.
 18623 | Orc:2    | Reached skill level 19 in Spellcasting
 18627 | Orc:2    | Reached skill level 5 in Earth Magic
 18669 | Orc:2    | Noticed Azrael
 18682 | Orc:2    | Killed Azrael
 18799 | Orc:2    | Reached skill level 10 in Dodging
 18854 | Orc:2    | Found Jyohez's Book Shop.
 18854 | Orc:2    | Found Huzal's Antique Armour Boutique.
 18859 | Orc:2    | Found a one-way gate leading to the halls of Pandemonium.
 18863 | Orc:2    | Bought a Young Poisoner's Handbook for 300 gold pieces
 18868 | Orc:2    | Learned a level 4 spell: Olgreb's Toxic Radiance
 18870 | Orc:2    | Bought a runed helmet for 270 gold pieces
 19025 | Orc:1    | Offered knowledge of Lee's Rapid Deconstruction by Vehumet.
 19027 | Orc:1    | Noticed an orc warlord
 19035 | Orc:1    | Killed an orc warlord
 19036 | Orc:1    | Reached XP level 15. HP: 92/92 MP: 26/40
 19046 | Orc:1    | Reached skill level 5 in Armour
 19077 | Orc:1    | Learned a level 5 spell: Lee's Rapid Deconstruction
 19299 | Elf:1    | Entered Level 1 of the Elven Halls
 19308 | Elf:1    | Reached skill level 5 in Transmutations
 19509 | Elf:1    | Noticed a deep elf sorcerer
 19701 | Elf:1    | Killed a deep elf sorcerer
 19705 | Elf:1    | Reached skill level 10 in Fighting
 19827 | Elf:1    | Reached skill level 20 in Spellcasting
 20339 | Spider:1 | Entered Level 1 of the Spider Nest
 20396 | Spider:1 | Identified the +1 pair of boots of Piysunuo {Str+3}
 21406 | Spider:2 | Acquired the +7 Spriggan's Knife {stab, EV+4 Stlth+}
 21406 | Spider:2 | Found the +7 Spriggan's Knife {stab, EV+4 Stlth+}
 21409 | Spider:2 | Acquired 717 gold pieces
 21410 | Spider:2 | Acquired the ring "Biewn" {AC+4 Int+3 Dex+5}
 21661 | D:2      | Bought a ring of see invisible for 210 gold pieces
 22284 | Spider:3 | Noticed an emperor scorpion
 22436 | Spider:3 | Killed an emperor scorpion
 22540 | Spider:3 | Noticed an emperor scorpion
 22739 | Spider:3 | Reached skill level 5 in Ice Magic
 22739 | Spider:3 | Reached XP level 16. HP: 98/98 MP: 36/42
 22845 | Spider:3 | Reached skill level 21 in Spellcasting
 22887 | Spider:3 | Reached ****** piety under Vehumet
 23306 | Spider:4 | Entered Level 4 of the Spider Nest
 23306 | Spider:4 | Noticed Mara
 23322 | Spider:4 | Noticed Esekla's illusion
 23322 | Spider:4 | HP: 1/99 [Mara (illusionary)/bolt of fire (63)]
 23322 | Spider:4 | Slain by a redback

Illustrated notes

Levels and vault maps discovered:
D:1:      sevenhm_arrival_forest_fort_small_3, layout_rooms,
          chequers_serial_rivers_room_b, minmay_misc_feat_five
D:2:      layout_loops_ring, dreamdust_ecumenical_altar_angels_and_demons,
          serial_shops, shop
D:3:      layout_basic, grunt_temple_overflow_open, minmay_misc_feat_iff
D:4:      layout_basic, nicolae_overflow_quartered_altars, serial_shops,
          nicolae_diamond_shop
D:5:      layout_loops_ring, lemuel_doored_altar, minmay_misc_feat_rows,
          dreamdust_wishing_well
D:6:      layout_loops_cross, fedhas_altar_fruit_tree,
          minmay_temple_entry_glass, uniq_pikel, uniq_blork_the_orc
D:7:      layout_basic, uniq_menkaure, uniq_joseph, uniq_crazy_yiuf_cottage
D:8:      layout_basic, nicolae_uskayaw_dance_hall, serial_demonic,
          serial_demonic_d, serial_demonic_a, serial_demonic_c,
          serial_demonic_c, nicolae_diode_quadrants
D:9:      layout_irregular_city, kennysheep_little_box, enter_bailey_4,
          minmay_between, uniq_harold
D:10:     layout_basic, nicolae_ru_awakened_eye
D:11:     layout_rooms, hellmonk_lair_entry_icy, serial_ice, serial_ice_j,
          serial_ice_m, serial_ice_o, serial_ice_c, serial_ice_g, serial_ice_f,
          guppyfry_shop_earth, uniq_psyche, uniq_lodul
D:12:     layout_roguey, nicolae_trove_entry_crossroad
Lair:1:   layout_small_grid
Lair:2:   gammafunk_boulding_lane, layout_small_grid, elwin_shoals_entry_rooms
Lair:3:   kb_forest_paths, layout_chaotic_city, spider_nest_entry_rubble
Lair:4:   layout_hall_layers, grunt_megastairs_3, lemuel_fruit_fields,
          uniq_rupert
Lair:5:   guppyfry_lair_end_dragon, layout_misc_corridors, wormcave,
          dpeg_slime_entry_enclosed
Spider:1: layout_spider_delve, nicolae_spider_some_kinda_spiderbox
Spider:2: layout_spider_delve, nicolae_spider_twisty_arc_passages
Spider:3: layout_chambers, nicolae_orb_stairs
Spider:4: grunt_spider_rune_circles, guppyfry_hornet_nest, uniq_mara
Orc:1:    layout_caves
Orc:2:    pf_orc_diabolical, layout_diamond_mine, uniq_azrael
Elf:1:    minmay_elf_arrival_plus, layout_loops_cross,
          kennysheep_underground_church

Skill      XL: |  1  2  3  4  5  6  7  8  9 10 11 12 13 14 15 16 |
---------------+-------------------------------------------------+-----
Spellcasting   | 5 6 7 9 10 11 13 15 16 18 19 20 21 | 21.1
Necromancy     | 1 2 3 4 5 7 8 9 10 | 10.4
Dodging        | 1 2 3 4 5 6 7 8 9 10 11 | 11.2
Translocations | 3 4 |  4.6
Short Blades   | 1 2 |  2.5
Transmutations | 2 3 4 5 |  5.4
Fire Magic     | 2 4 5 6 |  6.6
Poison Magic   | 2 3 4 5 6 7 |  7.0
Air Magic      | 1 2 3 4 5 6 7 8 9 |  9.8
Conjurations   | 2 4 |  4.8
Stealth        | 2 3 |  3.2
Ice Magic      | 2 3 4 5 |  5.1
Fighting       | 2 4 6 8 9 10 | 10.6
Armour         | 1 2 4 5 |  5.7
Earth Magic    | 1 3 5 6 |  6.9
Shields        | 2 3 |  3.0
Long Blades    | 1 2 |  2.5
Throwing       | |  0.2
Invocations    | |  1.0
Evocations     | |  0.5

Action                     |  1- 3 |  4- 6 |  7- 9 | 10-12 | 13-15 | 16-18 || total
---------------------------+-------+-------+-------+-------+-------+-------++-------
  Melee: Short sword       |    23 |       |       |       |       |       ||    23
         Rapier            |    22 |    47 |    53 |    47 |     9 |       ||   178
         Dagger            |       |     3 |    29 |       |       |       ||    32
         Scimitar          |       |       |       |    15 |    81 |     6 ||   102
         Knife             |       |       |       |       |     1 |       ||     1
  Throw: Dart              |       |    10 |     1 |       |       |       ||    11
   Cast: Apportation       |    23 |    35 |    23 |    56 |    61 |     3 ||   201
         Magic Dart        |    39 |    25 |     8 |     6 |    12 |       ||    90
         Blink             |     2 |     4 |     4 |     7 |    12 |     2 ||    31
         Vampiric Draining |     1 |    18 |    10 |    30 |    25 |     2 ||    86
         Poisonous Vapours |       |     8 |    98 |   183 |   248 |     9 ||   546
         Ignite Poison     |       |       |    41 |   105 |   153 |     8 ||   307
         Mephitic Cloud    |       |       |    17 |    21 |    26 |       ||    64
         Frozen Ramparts   |       |       |       |     1 |    25 |     2 ||    28
         Fireball          |       |       |       |    14 |     4 |       ||    18
         Freezing Cloud    |       |       |       |     9 |    37 |     4 ||    50
         Airstrike         |       |       |       |     4 |    15 |     2 ||    21
         Wereblood         |       |       |       |     4 |    24 |     2 ||    30
         Sticky Flame      |       |       |       |       |    24 |       ||    24
         Olgreb's Toxic Ra |       |       |       |       |    17 |     3 ||    20
         Lee's Rapid Decon |       |       |       |       |    21 |     5 ||    26
  Evoke: Wand              |       |       |     5 |     7 |     2 |       ||    14
    Use: Scroll            |     1 |       |       |    18 |    10 |       ||    29
         Potion            |       |       |     2 |     4 |     3 |       ||     9
   Stab: Sleeping          |       |     4 |     2 |     4 |     2 |       ||    12
         Confused          |       |       |       |     1 |       |       ||     1
 Armour: Robe              |    21 |    15 |    26 |    40 |    14 |       ||   116
         Troll leather arm |       |       |       |       |   100 |    22 ||   122
  Dodge: Dodged            |    40 |    29 |    90 |   104 |   156 |    22 ||   441
  Block: Buckler           |     6 |     9 |    31 |    34 |    45 |     2 ||   127
